 Dungeon Crawl Stone Soup version 0.28-a0-1182-g381e24db82 (webtiles) character file.

Game seed: 2808713447209470004

88 AarnesTheHuman the Shield-Bearer (level 4, -15/37 HPs)
             Began as a Formicid Fighter on Dec 17, 2021.
             Demolished by Terence (20 damage)
             ... on level 2 of the Dungeon.
             The game lasted 00:04:12 (2101 turns).

AarnesTheHuman the Shield-Bearer (Formicid Fighter) Turns: 2101, Time: 00:04:13

Health: -15/37     AC:  7    Str: 22    XL:     4   Next: 81%
Magic:  4/4        EV:  9    Int:  8    God:
Gold:   80         SH:  4    Dex: 10    Spells: 3/3 levels left

rFire   . . .      SeeInvis +   a - +0 war axe
rCold   . . .      Faith    .   c - +0 buckler
rNeg    . . .      Spirit   .   i - +0 scale mail
rPois   .          Reflect  .   (helmet unavailable)
rElec   .          Harm     .   (no cloak)
rCorr   .          Rampage  .   (no gloves)
Will    .....                   (no boots)
Stlth   ..........              n - amulet of regeneration
HPRegen 0.92/turn               (no ring)
MPRegen 0.09/turn               (no ring)

@: mighty
A: permanent stasis, dig shafts and tunnels, antennae 3, four strong arms
a: Dig, Shaft Self


You were on level 2 of the Dungeon.
You visited 1 branch of the dungeon, and saw 2 of its levels.

You collected 80 gold pieces.

Inventory:

Hand Weapons
 a - a +0 war axe (weapon)
 b - a +0 dagger
Missiles
 e - 77 stones
 g - 5 poisoned darts (quivered)
Armour
 c - a +0 buckler (worn)
 i - a +0 scale mail (worn)
Jewellery
 n - an amulet of regeneration (around neck)
Scrolls
 j - a scroll of brand weapon {unknown}
 k - a scroll of vulnerability {unknown}
 l - a scroll of summoning {unknown}
Potions
 f - 2 potions of heal wounds {unknown}
 h - a potion of degeneration {unknown}
 m - a potion of brilliance {unknown}
 o - 2 potions of ambrosia {unknown}


   Skills:
 + Level 4.2 Fighting
 - Level 2.0 Axes
 + Level 4.2 Armour
 + Level 4.6 Shields


You had 3 spell levels left.
You didn't know any spells.
Your spell library was empty.

Dungeon Overview and Level Annotations

Branches:
Dungeon (2/15)

Altars:

Annotations:
D:1 exclusion: downstairs
D:2 Terence


Innate Abilities, Weirdness & Mutations

You cannot be hasted, slowed, berserked, paralysed or teleported.
You can dig through walls and to a lower floor.
You have a pair of large antennae on your head. (SInv)
Your four strong arms can wield two-handed weapons with a shield.


Message History

Terence zaps a wand.
The puff of flame misses you.
Terence bares his teeth.
You aren't carrying any items that you can evoke.
Unknown command.
Unknown command.
Unknown command.
There is a stone staircase leading up here.
Throw: 8 darts (poison)
Press: ? - help, Q - select action, (/) - cycle Shift-Dir - straight line, f/p - Terence
Aim: Terence, wielding a +1 falchion of electrocution, wearing a +3 scale mail of willpower and carrying a wand of flame (21) (lightly wounded, 61% to hit)
You throw a poisoned dart. The poisoned dart hits Terence.
Terence is poisoned.
Terence is lightly wounded.
Terence zaps a wand.
The puff of flame hits you.
Throw: 7 darts (poison)
Press: ? - help, Q - select action, (/) - cycle Shift-Dir - straight line, f/p - Terence
Aim: Terence, wielding a +1 falchion of electrocution, wearing a +3 scale mail of willpower and carrying a wand of flame (20) (lightly wounded, poisoned, 61% to hit)
You throw a poisoned dart. The poisoned dart hits Terence.
Terence looks even sicker.
Terence is lightly wounded.
Throw: 6 darts (poison)
Press: ? - help, Q - select action, (/) - cycle Shift-Dir - straight line, f/p - Terence
Aim: Terence, wielding a +1 falchion of electrocution, wearing a +3 scale mail of willpower and carrying a wand of flame (20) (lightly wounded, very poisoned, 61% to hit)
You throw a poisoned dart. The poisoned dart hits Terence.
Terence looks even sicker.
Terence is lightly wounded.
Okay, then.
You feel very mighty all of a sudden.
You closely miss Terence.
Terence is moderately wounded.
Terence hits you with a +1 falchion of electrocution!
You are electrocuted!
You hit Terence.
Terence is heavily wounded.
Terence zaps a wand.
The puff of flame hits you!
* * * LOW HITPOINT WARNING * * *
Your scale mail prevents you from hitting Terence.
Terence is severely wounded.
Terence misses you. Terence hits you but does no damage.
You are electrocuted!!
Ouch! That really hurt!
You die...

### ### #.# ### ..#
#.# #.# ..# ##.###.#
#.# #......# #.#
#############.###.#
#.# #..@...#......#
#.## #.#
#..@...#.###### #...
#.#########
#......'.##########.
..........##
#(.....###....).# #.
...........# #(.....#
#......# ##
##.........###......#
#......#
..................###
#......####
######...#.######.#
#.......... #...#.#
#.## #......####


You could see Terence (very poisoned).

Vanquished Creatures
  A jelly (D:2)
  Natasha (D:2)
  2 worms (D:2)
  2 ball pythons (D:1)
  3 bats
  7 endoplasms
  4 hobgoblins (D:1)
  2 jackals (D:1)
  A frilled lizard (D:1)
  2 kobolds (D:1)
25 creatures vanquished.

Notes
Turn   | Place    | Note
-------+----------+-------------------------------------------
     0 | D:1      | AarnesTheHuman the Formicid Fighter began the quest for the
                  | Orb.
     0 | D:1      | Reached XP level 1. HP: 18/18 MP: 1/1
   335 | D:1      | Reached XP level 2. HP: 24/24 MP: 2/2
   992 | D:1      | Found a faded altar of an unknown god.
  1208 | D:1      | Reached XP level 3. HP: 28/30 MP: 3/3
  1396 | D:2      | Noticed Terence
  1962 | D:2      | Reached XP level 4. HP: 37/37 MP: 4/4
  2042 | D:2      | Noticed Natasha
  2047 | D:2      | Killed Natasha
  2101 | D:2      | Demolished by Terence

Illustrated notes

Levels and vault maps discovered:
D:1:      roderic_chinese_lattice_arrival, layout_loops_ring,
          chequers_ecumenical_altar_simple_redux, patterned_corridor
D:2:      minmay_roachtagon, layout_basic, uniq_natasha, uniq_terence

Skill      XL: |  1  2  3 |
---------------+----------+-----
Shields        | 4 |  4.6
Fighting       | 4 |  4.2
Armour         | 4 |  4.2
Axes           | |  2.0

Action                   |  1- 3 |  4- 6 || total
-------------------------+-------+-------++-------
Melee: War axe           |    21 |    14 ||    35
       Dagger            |    79 |       ||    79
Throw: Dart              |     5 |     6 ||    11
  Use: Potion            |       |     1 ||     1
Armor: Scale mail        |    39 |     1 ||    40
Dodge: Dodged            |    43 |     6 ||    49
Block: Buckler           |    17 |       ||    17

Table legend: (Time is in decaauts)
 A = Elapsed time spent in this place.
 B = Non-inter-level travel time spent in this place.
 C = Inter-level travel time spent in this place.
 D = Time resting spent in this place.
 E = Time spent auto-exploring this place.
 F = Levels seen in this place.
 G = Mean time per level.
                   A        B        C        D        E       F      G
               +--------+--------+--------+--------+--------+-----+--------+
         Total |   2116 |   1993 |    123 |    413 |   1133 |   2 | 1058.0 |
       Dungeon |   2116 |   1993 |    123 |    413 |   1133 |   2 | 1058.0 |
               +--------+--------+--------+--------+--------+-----+--------+

Top non-repeatable levels by time:
     D:1: 1637 daAuts
     D:2: 479 daAuts
